 Dungeon Crawl Stone Soup version 0.31-a0-321-g19405a7a6a (webtiles) character file.

Game seed: 12682375616883041269

78 LeprechaunX the Changeling (level 4, -8/30 HPs)
             Began as an Octopode Shapeshifter on July 17, 2023.
             Mangled by an orc
             ... wielding a +0 war axe
              (10 damage)
             ... on level 2 of the Dungeon.
             The game lasted 00:01:17 (1019 turns).

LeprechaunX the Changeling (Octopode Shapeshifter)  Turns: 1019, Time: 00:01:18

Health: -8/30      AC:  1    Str: 16    XL:     4   Next: 36%
Magic:  4/4        EV: 13    Int: 10    God:
Gold:   167        SH:  0    Dex: 12    Spells: 3/3 levels left

rFire   . .          .
                       - Unarmed
rCold   . . .        (no shield)
rNeg    . . .        (helmet currently unavailable)
rPois   +            (no amulet)
rElec   .            e - ring of poison resistance
rCorr   .            (no ring)
SInv    .            (no ring)
Will    .....        (no ring)
Stlth   ++           (no ring)
HPRegen 0.25/turn    (no ring)
MPRegen 0.09/turn    (no ring)
                     (no ring)

%: no passive effects
@: beast-form
A: beast (slay +2), almost no armour, amphibious, 8 rings, camouflage 1,
gelatinous body 1, (nimble swimmer 1), tentacles
a: Begin Untransformation


You were on level 2 of the Dungeon.
You were a hulking beast.
You visited 1 branch of the dungeon, and saw 2 of its levels.

You collected 167 gold pieces.

Inventory:

Missiles
 d - 2 throwing nets
Jewellery
 e - a ring of poison resistance (left tentacle)
Talismans
 b - a beast talisman
Scrolls
 c - 3 scrolls of identify {unknown}
 g - a scroll of poison {unknown}
 h - 2 scrolls of teleportation {unknown}
Potions
 a - 2 potions of lignification
 f - a potion of haste {unknown}
 i - 2 potions of curing {unknown}
 j - 4 potions of enlightenment {unknown}


   Skills:
 + Level 2.4 Fighting
 + Level 2.4 Dodging
 * Level 3.0 Unarmed Combat
 * Level 3.6 Shapeshifting


You had 3 spell levels left.
You didn't know any spells.
Your spell library contained the following spells:

 Spells                   Type           Power      Damage    Failure   Level
 Static Discharge         Conj/Air       0%         2-2/arc   50%         2
 Fireball                 Conj/Fire      0%         3d3       100%        5
 Summon Forest            Summ/Tloc      0%         N/A       100%        5
 Summon Mana Viper        Hex/Summ       0%         N/A       100%        5
 Starburst                Conj/Fire      0%         6d3       100%        6
 Summon Cactus Giant      Summ           0%         N/A       100%        6
 Orb of Destruction       Conj           0%         9d5       100%        7


Dungeon Overview and Level Annotations

Branches:
Dungeon (2/15)

Altars:

Annotations:
D:2 1 runed translucent door, Crazy Yiuf


Innate Abilities, Weirdness & Mutations

You are a hulking beast.
Your limbs bulge with bestial killing power. (Slay +2)
You cannot wear most types of armour.
You are amphibious.
You can wear up to eight rings at the same time.
Your skin changes colour to match your surroundings (Stealth+).
Your rubbery body absorbs attacks. (AC +1, EV +1)
((You are camouflaged when in or above water. (Stealth+)))
You have tentacles for arms and can constrict up to eight enemies at once.


Message History

The orc wizard mumbles some strange words.
The orc wizard flickers and vanishes!
Deactivating autopickup; reactivate with Ctrl-A.
You closely miss the orc. You grab the orc.
You constrict the orc, but do no damage.
The orc barely misses you.
The orc priest hits you from afar with a +0 trident.
Something hits you.
You bludgeon the orc!
You kill the orc!
Something hits you but does no damage. The orc priest closely misses you.
Something hits you.
The orc priest mumbles some strange prayers to Beogh against you.
Beogh smites you!
Things that are here:
a +0 hand axe; an orc corpse You are too injured to fight recklessly!
You are too injured to fight recklessly!
You are too injured to fight recklessly!
You tentacle-slap the orc priest. You grab the orc priest.
The orc priest is lightly wounded.
You constrict the orc priest. Something hits you.
* * * LOW HITPOINT WARNING * * *
The orc priest completely misses you.
You tentacle-slap the orc priest. You squeeze the orc priest!
The orc priest is almost dead.
You constrict the orc priest.
You kill the orc priest!
Something hits you.
* * * LOW HITPOINT WARNING * * *
Your Unarmed Combat skill increases to level 3!
You have reached level 4!
You miss something. Something hits you.
* * * LOW HITPOINT WARNING * * *
The orc closely misses you.
You miss something. Something hits you but does no damage.
The orc barely misses you.
You miss something. Your squeeze misses something. Something barely misses you.
The orc hits you with a +0 war axe!
You die...

## ... ..######.##
.........###
#.##........ #.##.#
o..o.o.#....#
o8..o8.#..#######
.o..o..#{........
.......#h#######.
.......#o#
.8...8.#o###
.......#...#
.........#.# #
##....####.#####.###
#....# #..........
###..# ##......##
#..# #.###### #


You could see 2 orcs.

Vanquished Creatures
  An orc priest (D:2)
  3 dart slugs
  An orc (D:2)
  6 ball pythons
  3 bats
  4 endoplasms (D:1)
  3 giant cockroaches
  A goblin (D:1)
  3 hobgoblins (D:1)
  4 jackals (D:1)
  3 kobolds
  2 frilled lizards (D:1)
  2 rats
36 creatures vanquished.

Notes
Turn   | Place    | Note
-------+----------+-------------------------------------------
     0 | D:1      | LeprechaunX the Octopode Shapeshifter began the quest for
                  | the Orb.
     0 | D:1      | Reached XP level 1. HP: 14/14 MP: 1/1
    74 | D:1      | Reached XP level 2. HP: 17/19 MP: 2/2
   181 | D:1      | Found a faded altar of an unknown god.
   300 | D:1      | Reached XP level 3. HP: 24/24 MP: 3/3
   804 | D:2      | Found a runed translucent door.
   805 | D:2      | Noticed Crazy Yiuf
   890 | D:2      | Got the Codex of Conjuration
  1017 | D:2      | Reached XP level 4. HP: 6/30 MP: 4/4
  1019 | D:2      | Mangled by an orc

Illustrated notes

Levels and vault maps discovered:
D:1:      minmay_arrival_jagged, layout_basic,
          shapermc_ecumenical_altar_acropolis
D:2:      cheibrodos_pilgrimage, layout_loops_ring,
          minmay_misc_feat_secret_circle, amcnicky_mini_corridor_feature,
          uniq_crazy_yiuf_cottage

Skill      XL: |  1  2  3 |
---------------+----------+-----
Unarmed Combat | 3 |  3.0
Fighting       | |  2.4
Dodging        | |  2.4
Shapeshifting  | |  3.6

Action                     |  1- 3 |  4- 6 || total
---------------------------+-------+-------++-------
  Melee: Unarmed           |    67 |     3 ||    70
         Constrict         |    19 |       ||    19
         Punch             |     3 |       ||     3
         Tentacles         |     9 |       ||     9
   Stab: Sleeping          |     6 |       ||     6
 Armour: Skin              |    10 |     1 ||    11
  Dodge: Dodged            |    40 |     3 ||    43

Table legend: (Time is in decaauts)
 A = Elapsed time spent in this place.
 B = Non-inter-level travel time spent in this place.
 C = Inter-level travel time spent in this place.
 D = Time resting spent in this place.
 E = Time spent auto-exploring this place.
 F = Levels seen in this place.
 G = Mean time per level.
                   A        B        C        D        E       F      G
               +--------+--------+--------+--------+--------+-----+--------+
         Total |   1014 |    998 |     16 |      0 |    783 |   2 |  507.0 |
       Dungeon |   1014 |    998 |     16 |      0 |    783 |   2 |  507.0 |
               +--------+--------+--------+--------+--------+-----+--------+

Top non-repeatable levels by time:
     D:1: 652 daAuts
     D:2: 362 daAuts
